AA
CLEBURNE RAILROADERS @ ST. PAUL SAINTS
07/06/2072
 
TOP OF THE 1ST
Milwaukee Milkmen batting - Pitching for St. Paul Saints : RHP Mike Paine
Pitching: RHP Mike Paine
Batting: RHB Martin Palmer 0-0: Ground out 5-3 (Groundball, 56S, EV 87.5 MPH)
Batting: RHB Kevin Michon 0-0: Swinging Strike
0-1: Ball
1-1: Foul Ball, location: 2F
1-2: Ball
2-2: Strikes out looking
Batting: LHB Teo Munoz 0-0: Called Strike
0-1: Swinging Strike
0-2: Foul Ball, location: 2F
0-2: Strikes out swinging
Top of the 1st over - 0 runs, 0 hits, 0 errors, 0 left on base; Milwaukee 0 - St. Paul 0
BOTTOM OF THE 1ST
St. Paul Saints batting - Pitching for Milwaukee Milkmen : RHP Josh Dean
Pitching: RHP Josh Dean
Batting: RHB Larry Boespflug 0-0: Ball
1-0: Called Strike
1-1: Ball
2-1: Ground out 5-3 (Groundball, 56, EV 86.9 MPH)
Batting: RHB Rylan Sandoval 0-0: Ball
1-0: Ball
2-0: Called Strike
2-1: Ground out 4-3 (Groundball, 4, EV 81.2 MPH)
Batting: SHB Davi Entrevinhas 0-0: Ball
1-0: Swinging Strike
1-1: Ball
2-1: Foul Ball, location: 2F
2-2: Foul Ball, location: 2F
2-2: Foul Ball, location: 2F
2-2: Fly out, F8 (Flyball, 89M, EV 81.9 MPH)
Bottom of the 1st over - 0 runs, 0 hits, 0 errors, 0 left on base; Milwaukee 0 - St. Paul 0
TOP OF THE 2ND
Milwaukee Milkmen batting - Pitching for St. Paul Saints : RHP Mike Paine
Batting: RHB Brian Wilcox 0-0: Called Strike
0-1: Ball
1-1: Called Strike
1-2: Ball
2-2: Ground out 6-3 (Groundball, 6, EV 91.9 MPH)
Batting: LHB Ron Werner 0-0: Swinging Strike
0-1: SOLO HOME RUN (Flyball, 9D, EV 100.0 MPH), Distance : 375 ft
Batting: SHB Jeff Faris 0-0: Swinging Strike
0-1: Foul Ball, location: 2F
0-2: Strikes out swinging
Batting: RHB Abel Nieves 0-0: Ground out 5-3 (Groundball, 56S, EV 65.0 MPH)
Top of the 2nd over - 1 run, 1 hit, 0 errors, 0 left on base; Milwaukee 1 - St. Paul 0
BOTTOM OF THE 2ND
St. Paul Saints batting - Pitching for Milwaukee Milkmen : RHP Josh Dean
Batting: LHB Jared Mack 0-0: Foul Ball, location: 2F
0-1: SINGLE (Line Drive, 56D, EV 105.0 MPH)
Batting: RHB Darryl Kirkpatrick 0-0: Ball
1-0: Ball
2-0: Ball
3-0: Called Strike
3-1: DOUBLE (Line Drive, 78XD, EV 102.5 MPH)
Jared Mack to third
Batting: LHB Eddie Larracuente 0-0: Ball
1-0: Ball
2-0: Ball
3-0: Base on Balls
Batting: RHB Eduardo Rios 0-0: Foul Ball, location: 2F
0-1: DOUBLE (Line Drive, 9LM, EV 109.4 MPH)
Jared Mack scores
Darryl Kirkpatrick scores
Eddie Larracuente to third
Batting: RHB Juan Morales 0-0: Called Strike
0-1: Foul Ball, location: 2F
0-2: Fly out, F8 (Flyball, 89D, EV 88.1 MPH)
Runner from 3rd tags up, SCORES, throw by CF
Eduardo Rios to third
Batting: LHB Victor Rojas 0-0: Called Strike
0-1: Ball
1-1: Ball
2-1: Foul Ball, location: 2F
2-2: Hit by Pitch
Batting: RHB Larry Boespflug 0-0: Called Strike
Victor Rojas steals 2nd base
0-1: Ball
1-1: Ball
2-1: Ball
3-1: Base on Balls
Pitching: RHP Zach Schlobohm
Batting: RHB Rylan Sandoval 0-0: Ball
1-0: Ball
2-0: Ball
3-0: Called Strike
3-1: GRAND SLAM HOME RUN (Flyball, 78XD, EV 110.6 MPH), Distance : 450 ft
Batting: SHB Davi Entrevinhas 0-0: Ball
1-0: Ball
2-0: Ball
3-0: Called Strike
3-1: Base on Balls
Batting: LHB Jared Mack 0-0: Ball
1-0: Foul Ball, location: 2F
1-1: Ball
2-1: Called Strike
2-2: Ball
3-2: DOUBLE (Line Drive, 7LM, EV 106.9 MPH)
Davi Entrevinhas to third
Batting: RHB Darryl Kirkpatrick 0-0: 3-RUN HOME RUN (Flyball, 78XD, EV 108.8 MPH), Distance : 414 ft
Pitching: LHP Justin Poullard
Batting: LHB Eddie Larracuente 0-0: Ball
1-0: Swinging Strike
1-1: Ball
2-1: Fly out, F8 (Flyball, 8LM, EV 83.1 MPH)
Batting: RHB Eduardo Rios 0-0: Ball
1-0: Ball
2-0: Foul Ball, location: 2F
2-1: Foul Ball, location: 2F
2-2: Ball
3-2: Foul Ball, location: 2F
3-2: Foul Ball, location: 2F
3-2: Foul Ball, location: 2F
3-2: Foul Ball, location: 2F
3-2: Base on Balls
Batting: RHB Juan Morales 0-0: Called Strike
0-1: SINGLE (Groundball, 6MD, EV 111.2 MPH)
Eduardo Rios to second
Batting: LHB Victor Rojas 0-0: Foul Ball, location: 2F
0-1: Ball
1-1: Ball
2-1: Ball
3-1: Base on Balls
Eduardo Rios to third
Juan Morales to second
Pitching: RHP Cortez Gutierrez
Batting: RHB Larry Boespflug 0-0: Called Strike
0-1: Ball
1-1: Called Strike
1-2: Ball
2-2: Fielders Choice at 2nd, 5-4 (Groundball, 56, EV 93.1 MPH)
Bottom of the 2nd over - 10 runs, 7 hits, 0 errors, 3 left on base; Milwaukee 1 - St. Paul 10
TOP OF THE 3RD
Milwaukee Milkmen batting - Pitching for St. Paul Saints : RHP Mike Paine
Batting: RHB Andy Herrera 0-0: Called Strike
0-1: Foul Ball, location: 2F
0-2: Fly out, F8 (Flyball, 8RS, EV 85.0 MPH)
Batting: SHB Mike Della Vecchia 0-0: Ball
1-0: Called Strike
1-1: Swinging Strike
1-2: Fly out, F8 (Flyball, 8RD, EV 90.0 MPH)
Batting: RHB Martin Palmer 0-0: Ground out 4-3 (Groundball, 4, EV 85.6 MPH)
Top of the 3rd over - 0 runs, 0 hits, 0 errors, 0 left on base; Milwaukee 1 - St. Paul 10
BOTTOM OF THE 3RD
St. Paul Saints batting - Pitching for Milwaukee Milkmen : RHP Cortez Gutierrez
Batting: RHB Rylan Sandoval 0-0: Ground out 5-3 (Groundball, 56, EV 88.8 MPH)
Batting: SHB Davi Entrevinhas 0-0: Ball
1-0: Called Strike
1-1: Foul Ball, location: 2F
1-2: Ball
2-2: Ground out 4-3 (Groundball, 34D, EV 101.2 MPH)
Batting: LHB Jared Mack 0-0: Called Strike
0-1: Ball
1-1: Foul Ball, location: 2F
1-2: Ball
2-2: Ground out 4-3 (Groundball, 13, EV 80.6 MPH)
Bottom of the 3rd over - 0 runs, 0 hits, 0 errors, 0 left on base; Milwaukee 1 - St. Paul 10
TOP OF THE 4TH
Milwaukee Milkmen batting - Pitching for St. Paul Saints : RHP Mike Paine
Batting: RHB Kevin Michon 0-0: SINGLE (Line Drive, 89S, EV 105.0 MPH)
Batting: LHB Teo Munoz 0-0: Swinging Strike
0-1: Swinging Strike
0-2: Foul Ball, location: 2F
0-2: Strikes out swinging
Batting: RHB Brian Wilcox 0-0: Ball
1-0: Ball
2-0: Called Strike
2-1: Fly out, F8 (Line Drive, 8RM, EV 91.2 MPH)
Batting: LHB Ron Werner 0-0: Ball
1-0: Ball
2-0: Swinging Strike
2-1: Foul Ball, location: 2F
2-2: Strikes out swinging
Top of the 4th over - 0 runs, 1 hit, 0 errors, 1 left on base; Milwaukee 1 - St. Paul 10
BOTTOM OF THE 4TH
St. Paul Saints batting - Pitching for Milwaukee Milkmen : RHP Cortez Gutierrez
Batting: RHB Darryl Kirkpatrick 0-0: Ball
1-0: Fly out, F7 (Flyball, 78M, EV 88.8 MPH)
Batting: LHB Eddie Larracuente 0-0: Ball
1-0: Ball
2-0: Called Strike
2-1: Foul Ball, location: 2F
2-2: Ball
3-2: Base on Balls
Batting: RHB Eduardo Rios 0-0: Fly out, F8 (Flyball, 78D, EV 86.9 MPH)
Batting: RHB Juan Morales 0-0: Called Strike
0-1: Ball
1-1: Swinging Strike
1-2: Ball
2-2: Ball
3-2: Foul Ball, location: 2F
3-2: Ground out 4-3 (Groundball, 34D, EV 105.6 MPH)
Bottom of the 4th over - 0 runs, 0 hits, 0 errors, 1 left on base; Milwaukee 1 - St. Paul 10
TOP OF THE 5TH
Milwaukee Milkmen batting - Pitching for St. Paul Saints : RHP Mike Paine
Batting: SHB Jeff Faris 0-0: Ball
1-0: Ball
2-0: Ball
3-0: Called Strike
3-1: Swinging Strike
3-2: Foul Ball, location: 2F
3-2: Ground out 4-3 (Groundball, 4, EV 81.9 MPH)
Batting: RHB Abel Nieves 0-0: Foul Ball, location: 2F
0-1: Foul Ball, location: 2F
0-2: Ground out U3 (Groundball, 3, EV 108.1 MPH)
Batting: RHB Andy Herrera 0-0: Ball
1-0: Called Strike
1-1: Called Strike
1-2: Ball
2-2: Foul Ball, location: 2F
2-2: SOLO HOME RUN (Flyball, 9D, EV 93.1 MPH), Distance : 382 ft
Batting: SHB Mike Della Vecchia 0-0: Ball
1-0: Ball
2-0: Ball
3-0: Called Strike
3-1: Called Strike
3-2: Ground out U3 (Groundball, 34, EV 88.8 MPH)
Top of the 5th over - 1 run, 1 hit, 0 errors, 0 left on base; Milwaukee 2 - St. Paul 10
BOTTOM OF THE 5TH
St. Paul Saints batting - Pitching for Milwaukee Milkmen : RHP Cortez Gutierrez
Batting: LHB Victor Rojas 0-0: Ball
1-0: Called Strike
1-1: SINGLE (Groundball, 6MD, EV 100.6 MPH)
Batting: RHB Larry Boespflug 0-0: Reached on error, E3 (Groundball, 3S, EV 87.5 MPH)
Victor Rojas to second
Batting: RHB Rylan Sandoval 0-0: Fly out, F8 (Flyball, 78D, EV 93.8 MPH)
Batting: SHB Davi Entrevinhas 0-0: Called Strike
0-1: Swinging Strike
0-2: Ball
1-2: 3-RUN HOME RUN (Flyball, 7LD, EV 104.4 MPH), Distance : 350 ft
Pitching: RHP Jason Boggs
Batting: LHB Jared Mack 0-0: Ball
1-0: Foul Ball, location: 2F
1-1: Fly out, F8 (Flyball, 89D, EV 101.9 MPH)
Batting: RHB Darryl Kirkpatrick 0-0: Ball
1-0: Ball
2-0: Fly out, F8 (Flyball, 8RM, EV 86.9 MPH)
Bottom of the 5th over - 3 runs, 2 hits, 1 error, 0 left on base; Milwaukee 2 - St. Paul 13
TOP OF THE 6TH
Milwaukee Milkmen batting - Pitching for St. Paul Saints : RHP Mike Paine
Batting: RHB Martin Palmer 0-0: Foul Ball, location: 2F
0-1: Ground out 6-3 (Groundball, 56, EV 100.6 MPH)
Batting: RHB Kevin Michon 0-0: Ball
1-0: Called Strike
1-1: Foul Ball, location: 2F
1-2: Strikes out swinging
Batting: LHB Teo Munoz 0-0: Ball
1-0: Ball
2-0: Called Strike
2-1: Ball
3-1: Fly out, F8 (Flyball, 8LD, EV 105.0 MPH)
Top of the 6th over - 0 runs, 0 hits, 0 errors, 0 left on base; Milwaukee 2 - St. Paul 13
BOTTOM OF THE 6TH
St. Paul Saints batting - Pitching for Milwaukee Milkmen : RHP Jason Boggs
Batting: LHB Eddie Larracuente 0-0: Called Strike
0-1: DOUBLE (Line Drive, 8RXD, EV 103.8 MPH)
Batting: RHB Eduardo Rios 0-0: Hit by Pitch
Batting: RHB Juan Morales 0-0: Ball
1-0: Fly out, F9 (Flyball, 89M, EV 88.8 MPH)
Batting: LHB Victor Rojas 0-0: Ball
1-0: Ball
2-0: Ball
3-0: Base on Balls
Eddie Larracuente to third
Eduardo Rios to second
Batting: RHB Larry Boespflug 0-0: Called Strike
0-1: Ball
1-1: Foul Ball, location: 2F
1-2: Ball
2-2: Strikes out swinging
Batting: RHB Rylan Sandoval 0-0: Fly out, F8 (Flyball, 78D, EV 98.1 MPH)
Bottom of the 6th over - 0 runs, 1 hit, 0 errors, 3 left on base; Milwaukee 2 - St. Paul 13
TOP OF THE 7TH
Milwaukee Milkmen batting - Pitching for St. Paul Saints : RHP Mike Paine
Batting: RHB Brian Wilcox 0-0: Called Strike
0-1: Ball
1-1: Called Strike
1-2: Strikes out swinging
Batting: LHB Ron Werner 0-0: Foul Ball, location: 2F
0-1: Foul Ball, location: 2F
0-2: Ball
1-2: Ball
2-2: Foul Ball, location: 2F
2-2: Ball
3-2: Foul Ball, location: 2F
3-2: Strikes out swinging
Batting: SHB Jeff Faris 0-0: Foul Ball, location: 2F
0-1: Called Strike
0-2: Ball
1-2: Strikes out swinging
Top of the 7th over - 0 runs, 0 hits, 0 errors, 0 left on base; Milwaukee 2 - St. Paul 13
BOTTOM OF THE 7TH
St. Paul Saints batting - Pitching for Milwaukee Milkmen : RHP Jason Boggs
Batting: SHB Davi Entrevinhas 0-0: Swinging Strike
0-1: Fly out, F8 (Line Drive, 8RM, EV 99.4 MPH)
Batting: LHB Jared Mack 0-0: Ball
1-0: Ball
2-0: Ball
3-0: Called Strike
3-1: Swinging Strike
3-2: Ground out 4-3 (Groundball, 4D, EV 96.9 MPH)
Batting: RHB Darryl Kirkpatrick 0-0: Ball
1-0: Foul Ball, location: 2F
1-1: Fly out, F7 (Line Drive, 7D, EV 95.6 MPH)
Bottom of the 7th over - 0 runs, 0 hits, 0 errors, 0 left on base; Milwaukee 2 - St. Paul 13
TOP OF THE 8TH
Milwaukee Milkmen batting - Pitching for St. Paul Saints : RHP Mike Paine
Pitching: RHP Ben Robertson
Batting: RHB Abel Nieves 0-0: Foul Ball, location: 2F
0-1: Fly out, F3 (Popup, 3SF, EV 71.9 MPH)
Batting: RHB Andy Herrera 0-0: Called Strike
0-1: Ground out 5-3 (Groundball, 56, EV 78.1 MPH)
Batting: SHB Mike Della Vecchia 0-0: Ball
1-0: Called Strike
1-1: Ball
2-1: SINGLE (Groundball, 6MD, EV 95.0 MPH)
Batting: RHB Martin Palmer 0-0: Ball
1-0: Called Strike
1-1: Foul Ball, location: 2F
1-2: Ball
2-2: Foul Ball, location: 2F
2-2: Ground out 4-3 (Groundball, 34, EV 85.0 MPH)
Top of the 8th over - 0 runs, 1 hit, 0 errors, 1 left on base; Milwaukee 2 - St. Paul 13
BOTTOM OF THE 8TH
St. Paul Saints batting - Pitching for Milwaukee Milkmen : RHP Jason Boggs
Batting: LHB Eddie Larracuente 0-0: Fly out, F7 (Line Drive, 7, EV 83.1 MPH)
Batting: RHB Eduardo Rios 0-0: Ball
1-0: Foul Ball, location: 2F
1-1: SINGLE (Groundball, 6MD, EV 94.4 MPH)
Batting: RHB Juan Morales 0-0: Swinging Strike
0-1: Ball
1-1: Called Strike
1-2: Ground out U3 (Groundball, 34S, EV 63.8 MPH)
Eduardo Rios to second
Pitching: RHP Miguel Gomez
Batting: LHB Victor Rojas 0-0: Called Strike
0-1: Ball
1-1: Ball
2-1: Ball
3-1: Base on Balls
Pinch Hitting: LHB Domingo Ortega 0-0: Foul Ball, location: 2F
0-1: Foul Ball, location: 2F
0-2: Ball
1-2: Strikes out swinging
Bottom of the 8th over - 0 runs, 1 hit, 0 errors, 2 left on base; Milwaukee 2 - St. Paul 13
TOP OF THE 9TH
Milwaukee Milkmen batting - Pitching for St. Paul Saints : RHP Ben Robertson
Now in LF: Domingo Ortega
Batting: RHB Kevin Michon 0-0: Swinging Strike
0-1: Foul Ball, location: 2F
0-2: Ball
1-2: DOUBLE (Line Drive, 7LM, EV 93.1 MPH)
Batting: LHB Teo Munoz 0-0: Ball
1-0: Ball
2-0: Ball
3-0: Base on Balls
Batting: RHB Brian Wilcox 0-0: Called Strike
0-1: Foul Ball, location: 2F
0-2: Fly out, F7 (Flyball, 7LM, EV 85.0 MPH)
Batting: LHB Ron Werner 0-0: Called Strike
0-1: Called Strike
0-2: SINGLE (Groundball, 4D, EV 107.5 MPH)
Kevin Michon to third
Teo Munoz to second
Batting: SHB Jeff Faris 0-0: Ball
1-0: Foul Ball, location: 2F
1-1: Foul Ball, location: 2F
1-2: Ball
2-2: Fielders Choice at 2nd, 4-6 (Groundball, 4, EV 103.1 MPH)
Kevin Michon scores
Teo Munoz to third
Batting: RHB Abel Nieves 0-0: Foul Ball, location: 2F
0-1: Ball
1-1: Fly out, F9 (Flyball, 9, EV 85.0 MPH)
Top of the 9th over - 1 run, 2 hits, 0 errors, 2 left on base; Milwaukee 3 - St. Paul 13
Tuesday, October 26th , 2021 - OOTP Baseball 22.10 Build 79